[ AOE2 MATCH · #477278708 ]
Team RMPoles vs Koreans
[ REPLAY ANALYSIS · EXTRACTED FROM THE RECORDED GAME ]
Feudal
11:00
Castle
14:30
Imperial
—
| APM avg | 32.8 |
| APM peak | 71 |
| eAPM avg | 12.4 |
| Villagers / military | 52 / 0 |
Focus
⚔️ 9.0% · 🌾 91.0%
Feudal
10:32
Castle
14:09
Imperial
—
| APM avg | 17.1 |
| APM peak | 50 |
| eAPM avg | 11.4 |
| Villagers / military | 69 / 3 |
Focus
⚔️ 9.7% · 🌾 90.3%
Knight ×3
Feudal
10:45
Castle
14:33
Imperial
—
| APM avg | 27.1 |
| APM peak | 50 |
| eAPM avg | 19.1 |
| Villagers / military | 55 / 1 |
Focus
⚔️ 16.2% · 🌾 83.8%
Monk ×1
Feudal
10:58
Castle
13:39
Imperial
—
| APM avg | 19.0 |
| APM peak | 50 |
| eAPM avg | 11.0 |
| Villagers / military | 52 / 0 |
Focus
⚔️ 4.8% · 🌾 95.2%
Feudal
10:35
Castle
14:30
Imperial
—
| APM avg | 24.1 |
| APM peak | 58 |
| eAPM avg | 10.6 |
| Villagers / military | 30 / 0 |
Focus
⚔️ 8.7% · 🌾 91.3%
Unknown (1968) ×3
Feudal
10:56
Castle
14:29
Imperial
—
| APM avg | 47.9 |
| APM peak | 96 |
| eAPM avg | 21.9 |
| Villagers / military | 37 / 4 |
Focus
⚔️ 28.8% · 🌾 71.2%
War Wagon ×4
Feudal
10:07
Castle
13:45
Imperial
—
| APM avg | 31.1 |
| APM peak | 66 |
| eAPM avg | 15.7 |
| Villagers / military | 51 / 0 |
Focus
⚔️ 13.5% · 🌾 86.5%
Feudal
10:01
Castle
14:52
Imperial
—
| APM avg | 24.4 |
| APM peak | 65 |
| eAPM avg | 11.4 |
| Villagers / military | 40 / 0 |
Focus
⚔️ 5.7% · 🌾 94.3%
Match map
Initial resources + every placement click. Lines = walls · curves = elevation contours. ◆ gold · ⬟ stone · ● berries · ✦ relic · ◌ wall gap
Your base· ✓ Closed at 14:30 · 0t walls · 2 gate(s)
Fanume's base· ✓ Closed at 14:09 · 0t walls · 2 gate(s)
Eagles_SlGiap's base· ✓ Closed at 14:33 · 15t walls · 5 gate(s)
Jail-帝国老屁股's base· ✓ Closed at 13:39 · 0t walls · 2 gate(s)
Крапка-У's base· ✓ Closed at 14:30 · 0t walls · 2 gate(s)
Jail-Undercover's base· ✓ Closed at 14:29 · 1t walls · 3 gate(s)
Deimos's base· ✓ Closed at 13:45 · 7t walls · 3 gate(s)
放羊老汉's base· ✓ Closed at 14:52 · 0t walls · 2 gate(s)
Smoothed initial terrain · ◌ = detected wall gap · hover for details
Inputs per minute
— Theresallwaysahole - - Fanume
Build order — Theresallwaysahole
97 actions detected in the replay
| 0:01 | Create | Villager (Male) |
| 0:01 | Create | Villager (Male) |
| 0:02 | Create | Villager (Male) |
| 0:03 | Build | House |
| 0:04 | Build | House |
| 0:20 | Create | Villager (Male) |
| 0:20 | Create | Villager (Male) |
| 1:26 | Create | Villager (Male) |
| 1:26 | Create | Villager (Male) |
| 1:45 | Build | Lumber Camp |
| 1:56 | Create | Villager (Male) |
| 1:56 | Create | Villager (Male) |
| 2:10 | Create | Villager (Male) |
| 2:11 | Create | Villager (Male) |
| 2:46 | Create | Villager (Male) |
| 2:46 | Create | Villager (Male) |
| 3:03 | Build | House |
| 3:07 | Create | Villager (Male) |
| 3:08 | Create | Villager (Male) |
| 3:31 | Build | House |
| 3:37 | Create | Villager (Male) |
| 3:38 | Create | Villager (Male) |
| 3:55 | Create | Villager (Male) |
| 3:56 | Create | Villager (Male) |
| 4:14 | Create | Villager (Male) |
| 4:14 | Create | Villager (Male) |
| 4:30 | Build | Mill |
| 4:53 | Create | Villager (Male) |
| 5:11 | Create | Villager (Male) |
| 5:48 | Create | Villager (Male) |
| 6:06 | Create | Villager (Male) |
| 6:35 | Create | Villager (Male) |
| 7:07 | Create | Villager (Male) |
| 7:19 | Build | Mill |
| 7:27 | Create | Villager (Male) |
| 7:50 | Create | Villager (Male) |
| 8:00 | Create | Villager (Male) |
| 8:19 | Build | Mining Camp |
| 8:48 | Create | Villager (Male) |
| 8:50 | Research | Feudal Age |
| 9:02 | Create | Villager (Male) |
| 9:02 | Create | Villager (Male) |
| 11:00 | Age | Feudal Age |
| 11:03 | Build | Market |
| 11:05 | Build | Blacksmith |
| 11:50 | Research | Castle Age |
| 11:50 | Research | Castle Age |
| 12:12 | Research | Horse Collar |
| 12:12 | Research | Horse Collar |
| 12:16 | Build | Farm |
| 12:25 | Build | Farm |
| 12:28 | Build | Farm |
| 12:32 | Build | Farm |
| 12:52 | Build | Lumber Camp |
| 13:10 | Research | Double-Bit Axe |
| 13:35 | Build | Mining Camp |
| 13:43 | Create | Villager (Male) |
| 13:43 | Create | Villager (Male) |
| 14:19 | Build | House |
| 14:30 | Age | Castle Age |
| 14:37 | Build | Farm |
| 14:38 | Build | Farm |
| 14:48 | Build | Town Center |
| 15:00 | Build | Farm |
| 15:21 | Create | Villager (Male) |
| 15:24 | Build | Farm |
| 15:33 | Research | Heavy Plow |
| 15:42 | Create | Villager (Male) |
| 15:52 | Research | Bow Saw |
| 15:56 | Build | Farm |
| 16:10 | Create | Villager (Male) |
| 16:10 | Create | Villager (Male) |
| 16:15 | Build | Farm |
| 16:17 | Create | Villager (Male) |
| 16:18 | Create | Villager (Male) |
| 16:29 | Build | Palisade Wall |
| 16:32 | Build | Farm |
| 16:37 | Create | Villager (Male) |
| 16:37 | Create | Villager (Male) |
| 16:43 | Build | Farm |
| 16:46 | Build | House |
| 17:10 | Create | Villager (Male) |
| 17:14 | Build | Mill |
| 17:17 | Create | Villager (Male) ×4 |
| 17:21 | Build | Farm |
| 17:23 | Build | Farm |
| 17:32 | Build | House |
| 17:40 | Build | Farm |
| 17:41 | Build | Farm |
| 17:45 | Create | Villager (Male) |
| 17:45 | Create | Villager (Male) |
| 17:56 | Build | Farm |
| 18:03 | Build | Farm |
| 18:05 | Build | Farm |
| 18:09 | Create | Villager (Male) |
| 18:10 | Create | Villager (Male) |
| 18:18 | Build | House |
Build order — Fanume
112 actions detected in the replay
| 0:02 | Create | Villager (Male) |
| 0:02 | Create | Villager (Male) |
| 0:02 | Create | Villager (Male) |
| 0:04 | Build | House |
| 0:06 | Build | House |
| 0:15 | Create | Villager (Male) |
| 0:15 | Create | Villager (Male) |
| 0:15 | Create | Villager (Male) |
| 1:35 | Create | Villager (Male) |
| 1:35 | Create | Villager (Male) |
| 1:35 | Create | Villager (Male) |
| 1:35 | Create | Villager (Male) |
| 1:35 | Create | Villager (Male) |
| 1:52 | Build | Lumber Camp |
| 2:06 | Create | Villager (Male) |
| 2:06 | Create | Villager (Male) |
| 2:06 | Create | Villager (Male) |
| 2:07 | Create | Villager (Male) |
| 2:21 | Create | Villager (Male) |
| 2:21 | Create | Villager (Male) |
| 2:21 | Create | Villager (Male) |
| 2:21 | Create | Villager (Male) |
| 2:41 | Create | Villager (Male) |
| 2:41 | Create | Villager (Male) |
| 2:41 | Create | Villager (Male) |
| 2:41 | Create | Villager (Male) |
| 2:57 | Create | Villager (Male) |
| 2:57 | Create | Villager (Male) |
| 2:57 | Create | Villager (Male) |
| 2:57 | Create | Villager (Male) |
| 3:31 | Create | Villager (Male) |
| 3:31 | Create | Villager (Male) |
| 3:31 | Create | Villager (Male) |
| 3:44 | Create | Villager (Male) |
| 3:44 | Create | Villager (Male) |
| 3:44 | Create | Villager (Male) |
| 3:44 | Create | Villager (Male) |
| 4:00 | Build | House |
| 4:30 | Build | Mill |
| 4:35 | Create | Villager (Male) |
| 4:35 | Create | Villager (Male) |
| 4:35 | Create | Villager (Male) |
| 4:35 | Create | Villager (Male) |
| 4:48 | Create | Villager (Male) |
| 4:48 | Create | Villager (Male) |
| 4:48 | Create | Villager (Male) |
| 4:48 | Create | Villager (Male) |
| 5:13 | Create | Villager (Male) |
| 5:13 | Create | Villager (Male) |
| 5:13 | Create | Villager (Male) |
| 5:13 | Create | Villager (Male) |
| 5:13 | Create | Villager (Male) |
| 5:31 | Create | Villager (Male) |
| 5:31 | Create | Villager (Male) |
| 5:31 | Create | Villager (Male) |
| 5:31 | Create | Villager (Male) |
| 5:31 | Create | Villager (Male) |
| 6:03 | Build | House |
| 6:14 | Create | Villager (Male) |
| 6:23 | Create | Villager (Male) |
| 6:46 | Build | Mill |
| 6:52 | Create | Villager (Male) |
| 7:08 | Create | Villager (Male) |
| 8:04 | Build | Mining Camp |
| 8:14 | Research | Feudal Age |
| 9:06 | Build | House |
| 10:03 | Create | Villager (Male) |
| 10:03 | Create | Villager (Male) |
| 10:32 | Age | Feudal Age |
| 10:35 | Build | Market |
| 10:40 | Build | Blacksmith |
| 11:29 | Research | Castle Age |
| 11:37 | Build | Lumber Camp |
| 12:11 | Research | Double-Bit Axe |
| 12:43 | Research | Horse Collar |
| 13:29 | Build | Farm |
| 13:32 | Build | Farm |
| 13:35 | Build | Farm |
| 13:40 | Create | Villager (Male) |
| 13:46 | Build | Farm |
| 13:56 | Build | Farm |
| 13:59 | Build | Farm |
| 14:05 | Build | Barracks |
| 14:09 | Age | Castle Age |
| 14:19 | Build | Farm |
| 14:34 | Create | Villager (Male) |
| 14:49 | Build | House |
| 14:51 | Build | House |
| 14:52 | Build | House |
| 14:56 | Create | Villager (Male) |
| 15:02 | Research | Loom |
| 15:05 | Build | Farm |
| 15:08 | Build | Farm |
| 15:11 | Build | Farm |
| 15:14 | Build | Farm |
| 15:20 | Build | Stable |
| 16:01 | Create | Villager (Male) |
| 16:15 | Build | Farm |
| 16:18 | Create | Knight |
| 16:24 | Create | Villager (Male) |
| 16:31 | Build | Farm |
| 16:36 | Build | Farm |
| 16:39 | Build | Farm |
| 16:43 | Build | Farm |
| 17:05 | Create | Villager (Male) |
| 17:10 | Research | Bow Saw |
| 17:32 | Build | Siege Workshop |
| 17:41 | Create | Villager (Male) |
| 17:45 | Create | Knight |
| 17:53 | Create | Villager (Male) |
| 18:00 | Create | Knight |
| 18:25 | Create | Villager (Male) ×3 |
Build order — Eagles_SlGiap
106 actions detected in the replay
| 0:03 | Build | House |
| 0:04 | Build | House |
| 0:05 | Create | Villager (Male) |
| 0:05 | Create | Villager (Male) |
| 0:20 | Create | Villager (Male) |
| 0:24 | Create | Villager (Male) |
| 1:26 | Create | Villager (Male) |
| 1:50 | Build | Lumber Camp |
| 1:51 | Create | Villager (Male) |
| 2:05 | Create | Villager (Male) |
| 2:26 | Create | Villager (Male) |
| 2:26 | Create | Villager (Male) |
| 2:37 | Create | Villager (Male) |
| 3:09 | Create | Villager (Male) |
| 3:09 | Create | Villager (Male) |
| 3:19 | Create | Villager (Male) |
| 3:37 | Build | House |
| 3:39 | Build | House |
| 3:43 | Create | Villager (Male) |
| 3:43 | Create | Villager (Male) |
| 3:54 | Create | Villager (Male) |
| 3:54 | Create | Villager (Male) |
| 4:25 | Build | Palisade Wall |
| 4:28 | Build | Palisade Wall |
| 4:30 | Build | Palisade Gate |
| 4:32 | Build | Palisade Gate |
| 4:33 | Build | Palisade Gate |
| 4:51 | Create | Villager (Male) |
| 4:52 | Create | Villager (Male) |
| 4:52 | Create | Villager (Male) |
| 4:55 | Create | Villager (Male) |
| 5:11 | Build | Mill |
| 5:25 | Create | Villager (Male) |
| 5:25 | Create | Villager (Male) |
| 6:28 | Create | Villager (Male) |
| 6:48 | Create | Villager (Male) |
| 6:55 | Create | Villager (Male) |
| 6:56 | Create | Villager (Male) |
| 7:39 | Create | Villager (Male) |
| 7:44 | Create | Villager (Male) |
| 8:03 | Create | Villager (Male) |
| 8:06 | Create | Villager (Male) |
| 8:35 | Research | Feudal Age |
| 8:36 | Research | Feudal Age |
| 9:18 | Create | Villager (Male) |
| 10:02 | Create | Villager (Male) |
| 10:28 | Build | House |
| 10:45 | Age | Feudal Age |
| 10:47 | Build | Market |
| 10:49 | Build | Blacksmith |
| 11:18 | Create | Villager (Male) |
| 11:53 | Research | Castle Age |
| 11:54 | Research | Castle Age |
| 12:10 | Research | Horse Collar |
| 12:18 | Build | Farm |
| 12:19 | Build | Farm |
| 12:19 | Build | Farm |
| 12:19 | Build | Farm |
| 12:40 | Research | Double-Bit Axe |
| 12:45 | Build | Farm |
| 12:46 | Build | Farm |
| 12:58 | Build | Farm |
| 13:27 | Build | Farm |
| 13:39 | Build | Farm |
| 13:59 | Build | Farm |
| 14:04 | Create | Villager (Male) |
| 14:18 | Build | Farm |
| 14:33 | Age | Castle Age |
| 14:36 | Build | Town Center |
| 14:50 | Build | Town Center |
| 14:53 | Research | Wheelbarrow |
| 15:07 | Create | Villager (Male) |
| 15:31 | Create | Villager (Male) |
| 15:45 | Build | Farm |
| 15:45 | Build | Farm |
| 15:46 | Build | Farm |
| 15:46 | Create | Villager (Male) |
| 15:48 | Create | Villager (Male) |
| 15:48 | Create | Villager (Male) |
| 15:58 | Create | Villager (Male) |
| 16:05 | Create | Villager (Male) |
| 16:09 | Create | Villager (Male) |
| 16:31 | Create | Villager (Male) |
| 16:32 | Create | Villager (Male) |
| 16:40 | Create | Villager (Male) |
| 16:47 | Build | Siege Workshop |
| 16:48 | Create | Villager (Male) |
| 16:53 | Build | Farm |
| 16:56 | Build | House |
| 16:58 | Build | House |
| 16:58 | Build | House |
| 17:00 | Create | Villager (Male) |
| 17:07 | Build | Monastery |
| 17:23 | Create | Villager (Male) |
| 17:26 | Create | Villager (Male) |
| 17:29 | Build | Farm |
| 17:36 | Build | Farm |
| 17:36 | Build | Farm |
| 17:44 | Create | Villager (Male) |
| 17:47 | Build | Farm |
| 17:56 | Create | Villager (Male) |
| 17:57 | Create | Villager (Male) |
| 18:07 | Create | Villager (Male) |
| 18:20 | Create | Monk |
| 18:23 | Build | Farm |
| 18:24 | Create | Villager (Male) |
Build order — Jail-帝国老屁股
95 actions detected in the replay
| 0:02 | Build | House |
| 0:03 | Create | Villager (Male) |
| 0:03 | Create | Villager (Male) |
| 0:04 | Build | House |
| 0:05 | Create | Villager (Male) |
| 0:05 | Create | Villager (Male) |
| 0:05 | Create | Villager (Male) |
| 1:26 | Create | Villager (Male) |
| 2:00 | Create | Villager (Male) |
| 2:18 | Create | Villager (Male) |
| 2:36 | Build | Lumber Camp |
| 2:46 | Create | Villager (Male) |
| 3:10 | Create | Villager (Male) |
| 3:30 | Build | House |
| 3:31 | Build | House |
| 3:38 | Create | Villager (Male) |
| 3:57 | Create | Villager (Male) |
| 4:28 | Create | Villager (Male) |
| 4:48 | Create | Villager (Male) |
| 5:15 | Create | Villager (Male) |
| 5:15 | Create | Villager (Male) |
| 5:15 | Create | Villager (Male) |
| 5:33 | Build | Mill |
| 5:38 | Create | Villager (Male) |
| 6:37 | Create | Villager (Male) |
| 7:15 | Create | Villager (Male) |
| 7:15 | Create | Villager (Male) |
| 8:01 | Build | Mining Camp |
| 8:08 | Create | Villager (Male) |
| 8:08 | Research | Feudal Age |
| 10:58 | Age | Feudal Age |
| 10:59 | Research | Castle Age |
| 10:59 | Research | Castle Age |
| 11:17 | Build | House |
| 11:17 | Build | House |
| 11:40 | Research | Horse Collar |
| 11:54 | Research | Double-Bit Axe |
| 11:59 | Build | Farm |
| 12:00 | Build | Farm |
| 12:04 | Build | Farm |
| 12:06 | Build | Farm |
| 12:42 | Create | Villager (Male) |
| 12:47 | Build | Farm |
| 13:39 | Age | Castle Age |
| 13:58 | Build | Town Center |
| 14:01 | Create | Villager (Male) |
| 14:07 | Build | Farm |
| 14:08 | Build | Farm |
| 14:31 | Create | Villager (Male) |
| 14:42 | Create | Villager (Male) |
| 14:46 | Build | Town Center |
| 15:06 | Create | Villager (Male) |
| 15:13 | Create | Villager (Male) |
| 15:27 | Create | Villager (Male) |
| 15:36 | Create | Villager (Male) |
| 15:39 | Build | Farm |
| 15:40 | Build | Farm |
| 15:49 | Build | Farm |
| 15:53 | Build | Farm |
| 16:00 | Create | Villager (Male) |
| 16:08 | Create | Villager (Male) |
| 16:10 | Build | Farm |
| 16:15 | Build | Farm |
| 16:16 | Create | Villager (Male) |
| 16:23 | Create | Villager (Male) |
| 16:25 | Build | Farm |
| 16:33 | Create | Villager (Male) |
| 16:35 | Build | Farm |
| 16:39 | Create | Villager (Male) |
| 16:50 | Build | Farm |
| 16:52 | Create | Villager (Male) |
| 16:55 | Build | Farm |
| 17:03 | Build | House |
| 17:03 | Build | House |
| 17:05 | Create | Villager (Male) |
| 17:05 | Create | Villager (Male) |
| 17:13 | Create | Villager (Male) |
| 17:19 | Create | Villager (Male) |
| 17:25 | Build | Farm |
| 17:27 | Create | Villager (Male) |
| 17:36 | Create | Villager (Male) |
| 17:37 | Create | Villager (Male) |
| 17:40 | Build | Farm |
| 17:44 | Create | Villager (Male) |
| 17:50 | Build | Farm |
| 17:55 | Create | Villager (Male) |
| 17:58 | Create | Villager (Male) |
| 18:00 | Build | Farm |
| 18:06 | Build | House |
| 18:07 | Build | House |
| 18:09 | Create | Villager (Male) |
| 18:19 | Create | Villager (Male) |
| 18:23 | Create | Villager (Male) |
| 18:30 | Create | Villager (Male) |
| 18:38 | Create | Villager (Male) |
Build order — Крапка-У
57 actions detected in the replay
| 0:01 | Create | Villager (Male) |
| 0:01 | Create | Villager (Male) |
| 0:03 | Build | House |
| 0:05 | Build | House |
| 0:12 | Create | Villager (Male) |
| 0:12 | Create | Villager (Male) |
| 1:25 | Create | Villager (Male) |
| 1:48 | Build | Lumber Camp |
| 2:06 | Create | Villager (Male) |
| 2:07 | Create | Villager (Male) |
| 2:26 | Create | Villager (Male) |
| 2:26 | Create | Villager (Male) |
| 2:41 | Create | Villager (Male) |
| 2:42 | Create | Villager (Male) |
| 3:14 | Build | House |
| 3:15 | Build | House |
| 3:19 | Create | Villager (Male) |
| 3:19 | Create | Villager (Male) |
| 3:46 | Create | Villager (Male) |
| 4:14 | Create | Villager (Male) |
| 4:14 | Create | Villager (Male) |
| 4:39 | Create | Villager (Male) |
| 4:47 | Build | Mill |
| 4:51 | Create | Villager (Male) |
| 5:27 | Create | Villager (Male) |
| 5:31 | Build | Farm |
| 5:55 | Create | Villager (Male) |
| 6:09 | Create | Villager (Male) |
| 6:14 | Build | Farm |
| 6:37 | Create | Villager (Male) |
| 7:03 | Create | Villager (Male) |
| 7:33 | Create | Villager (Male) |
| 7:54 | Create | Villager (Male) |
| 8:11 | Research | Feudal Age |
| 8:17 | Build | House |
| 9:09 | Build | Mining Camp |
| 9:20 | Create | Villager (Male) |
| 9:20 | Research | Loom |
| 10:10 | Build | Farm |
| 10:35 | Age | Feudal Age |
| 10:37 | Build | Blacksmith |
| 10:43 | Build | Market |
| 11:43 | Build | Mining Camp |
| 11:50 | Research | Castle Age |
| 11:50 | Research | Castle Age |
| 12:54 | Create | Villager (Male) |
| 13:59 | Create | Villager (Male) |
| 14:30 | Age | Castle Age |
| 14:35 | Build | Castle |
| 14:38 | Build | Mining Camp |
| 14:47 | Research | Fletching |
| 15:18 | Research | Double-Bit Axe |
| 15:51 | Create | Villager (Male) |
| 15:52 | Create | Unit 1968 |
| 15:52 | Create | Unit 1968 |
| 16:00 | Create | Unit 1968 |
| 16:07 | Create | Villager (Male) |
Build order — Jail-Undercover
86 actions detected in the replay
| 0:01 | Create | Villager (Male) |
| 0:01 | Create | Villager (Male) |
| 0:03 | Build | House |
| 0:05 | Build | House |
| 0:42 | Create | Villager (Male) |
| 0:42 | Create | Villager (Male) |
| 0:42 | Create | Villager (Male) |
| 1:23 | Create | Villager (Male) |
| 1:46 | Build | Lumber Camp |
| 2:02 | Create | Villager (Male) |
| 2:02 | Create | Villager (Male) |
| 2:07 | Create | Villager (Male) |
| 2:52 | Create | Villager (Male) |
| 3:12 | Build | House |
| 3:13 | Build | House |
| 3:19 | Create | Villager (Male) |
| 3:45 | Create | Villager (Male) |
| 3:45 | Create | Villager (Male) |
| 3:58 | Create | Villager (Male) |
| 4:17 | Create | Villager (Male) |
| 4:41 | Create | Villager (Male) |
| 4:46 | Create | Villager (Male) |
| 4:46 | Create | Villager (Male) |
| 5:07 | Build | Mill |
| 5:59 | Build | Mill |
| 6:04 | Create | Villager (Male) |
| 6:27 | Create | Villager (Male) |
| 6:27 | Create | Villager (Male) |
| 7:01 | Create | Villager (Male) |
| 7:23 | Create | Villager (Male) |
| 7:37 | Build | Mining Camp |
| 7:48 | Create | Villager (Male) |
| 8:28 | Build | Mining Camp |
| 8:36 | Research | Feudal Age |
| 8:49 | Build | House |
| 8:54 | Build | Palisade Wall |
| 9:13 | Create | Villager (Male) |
| 9:13 | Create | Villager (Male) |
| 10:56 | Age | Feudal Age |
| 10:59 | Build | Market |
| 11:01 | Build | Blacksmith |
| 11:49 | Research | Castle Age |
| 12:37 | Research | Horse Collar |
| 12:37 | Research | Horse Collar |
| 12:37 | Research | Horse Collar |
| 13:28 | Build | House |
| 13:31 | Build | Farm |
| 13:32 | Build | Farm |
| 13:45 | Create | Villager (Male) |
| 14:06 | Research | Double-Bit Axe |
| 14:06 | Research | Double-Bit Axe |
| 14:09 | Build | Farm |
| 14:11 | Build | Farm |
| 14:13 | Build | Farm |
| 14:18 | Create | Villager (Male) |
| 14:21 | Build | Farm |
| 14:26 | Research | Loom |
| 14:29 | Age | Castle Age |
| 14:36 | Build | Castle |
| 14:54 | Build | Palisade Wall |
| 14:56 | Build | Palisade Wall |
| 15:01 | Build | Farm |
| 15:08 | Build | Farm |
| 15:19 | Create | Villager (Male) |
| 15:45 | Create | Villager (Male) |
| 15:49 | Build | Farm |
| 15:55 | Build | Farm |
| 16:05 | Create | Villager (Male) |
| 16:22 | Create | War Wagon |
| 16:25 | Build | House |
| 16:25 | Build | Palisade Wall |
| 16:27 | Create | Villager (Male) |
| 16:28 | Create | War Wagon |
| 16:42 | Create | Villager (Male) |
| 16:45 | Build | Farm |
| 16:51 | Create | War Wagon |
| 16:52 | Create | Villager (Male) |
| 17:02 | Research | Fletching |
| 17:02 | Research | Fletching |
| 17:05 | Build | Farm |
| 17:09 | Build | Farm |
| 17:27 | Create | War Wagon |
| 17:37 | Create | Villager (Male) |
| 17:41 | Build | Farm |
| 17:41 | Create | Villager (Male) |
| 18:26 | Create | Villager (Male) |
Build order — Deimos
104 actions detected in the replay
| 0:00 | Create | Villager (Male) |
| 0:00 | Create | Villager (Male) |
| 0:01 | Create | Villager (Male) |
| 0:02 | Build | House |
| 0:04 | Build | House |
| 0:59 | Create | Villager (Male) |
| 1:00 | Create | Villager (Male) |
| 1:38 | Create | Villager (Male) |
| 1:57 | Create | Villager (Male) |
| 2:10 | Create | Villager (Male) |
| 2:15 | Build | Lumber Camp |
| 2:44 | Create | Villager (Male) |
| 3:16 | Create | Villager (Male) |
| 3:26 | Build | House |
| 3:32 | Build | House |
| 3:37 | Create | Villager (Male) |
| 4:02 | Create | Villager (Male) |
| 4:08 | Build | Palisade Gate |
| 4:15 | Build | Palisade Wall |
| 4:24 | Build | Palisade Wall |
| 4:26 | Build | Palisade Wall |
| 4:28 | Build | Palisade Wall |
| 4:30 | Build | Palisade Wall |
| 4:31 | Build | Palisade Wall |
| 4:33 | Build | Palisade Wall |
| 4:36 | Create | Villager (Male) |
| 4:52 | Build | Mill |
| 4:57 | Create | Villager (Male) |
| 5:19 | Create | Villager (Male) |
| 5:43 | Create | Villager (Male) |
| 5:43 | Create | Villager (Male) |
| 6:22 | Build | Farm |
| 6:39 | Create | Villager (Male) |
| 7:01 | Create | Villager (Male) |
| 7:18 | Create | Villager (Male) |
| 7:43 | Build | Mining Camp |
| 7:57 | Research | Feudal Age |
| 8:19 | Create | Villager (Male) |
| 8:19 | Create | Villager (Male) |
| 10:07 | Age | Feudal Age |
| 10:18 | Build | Market |
| 10:21 | Build | Blacksmith |
| 11:05 | Research | Castle Age |
| 11:06 | Research | Castle Age |
| 11:35 | Research | Horse Collar |
| 11:55 | Build | Farm |
| 11:58 | Build | Farm |
| 12:00 | Build | Farm |
| 12:27 | Research | Double-Bit Axe |
| 12:51 | Build | House |
| 13:11 | Create | Villager (Male) |
| 13:45 | Age | Castle Age |
| 13:50 | Build | Town Center |
| 13:59 | Build | Town Center |
| 14:02 | Create | Villager (Male) |
| 14:05 | Build | Farm |
| 14:16 | Build | Farm |
| 14:28 | Create | Villager (Male) |
| 14:38 | Build | Farm |
| 14:58 | Build | Farm |
| 14:59 | Create | Villager (Male) |
| 15:03 | Build | Farm |
| 15:04 | Create | Villager (Male) |
| 15:04 | Create | Villager (Male) |
| 15:08 | Create | Villager (Male) |
| 15:08 | Create | Villager (Male) |
| 15:08 | Create | Villager (Male) |
| 15:16 | Create | Villager (Male) |
| 15:26 | Build | Farm |
| 15:29 | Create | Villager (Male) |
| 15:36 | Build | Farm |
| 15:41 | Create | Villager (Male) |
| 15:45 | Build | Farm |
| 15:52 | Build | Farm |
| 15:54 | Create | Villager (Male) |
| 15:55 | Create | Villager (Male) |
| 15:55 | Create | Villager (Male) |
| 16:12 | Build | Farm |
| 16:15 | Build | Farm |
| 16:17 | Create | Villager (Male) |
| 16:17 | Create | Villager (Male) |
| 16:21 | Build | Farm |
| 16:25 | Build | Farm |
| 16:36 | Build | House |
| 16:38 | Create | Villager (Male) |
| 16:39 | Create | Villager (Male) |
| 16:39 | Create | Villager (Male) |
| 16:44 | Build | Farm |
| 16:51 | Create | Villager (Male) |
| 16:51 | Create | Villager (Male) |
| 16:51 | Create | Villager (Male) |
| 16:54 | Build | Farm |
| 17:02 | Build | Farm |
| 17:05 | Build | Farm |
| 17:09 | Build | Farm |
| 17:09 | Create | Villager (Male) |
| 17:10 | Create | Villager (Male) |
| 17:10 | Create | Villager (Male) |
| 17:20 | Build | House |
| 17:21 | Build | House |
| 17:28 | Build | Farm |
| 17:40 | Create | Villager (Male) |
| 17:41 | Create | Villager (Male) |
| 17:41 | Create | Villager (Male) |
Build order — 放羊老汉
84 actions detected in the replay
| 0:08 | Build | House |
| 0:08 | Create | Villager (Male) |
| 0:09 | Create | Villager (Male) |
| 0:09 | Create | Villager (Male) |
| 0:35 | Create | Villager (Male) |
| 0:35 | Create | Villager (Male) |
| 0:46 | Build | Lumber Camp |
| 0:50 | Build | House |
| 0:50 | Build | House |
| 1:36 | Create | Villager (Male) |
| 2:18 | Create | Villager (Male) |
| 2:26 | Create | Villager (Male) |
| 3:01 | Create | Villager (Male) |
| 3:14 | Create | Villager (Male) |
| 3:37 | Create | Villager (Male) |
| 3:56 | Create | Villager (Male) |
| 4:16 | Create | Villager (Male) |
| 5:01 | Create | Villager (Male) |
| 5:26 | Build | Mill |
| 5:35 | Build | House |
| 5:35 | Build | House |
| 5:45 | Create | Villager (Male) |
| 5:58 | Create | Villager (Male) |
| 6:07 | Build | House |
| 6:40 | Create | Villager (Male) |
| 6:58 | Create | Villager (Male) |
| 7:28 | Build | Mill |
| 7:34 | Create | Villager (Male) |
| 7:54 | Research | Feudal Age |
| 8:13 | Build | Mining Camp |
| 9:36 | Research | Loom |
| 10:01 | Age | Feudal Age |
| 10:05 | Create | Villager (Male) |
| 10:15 | Create | Villager (Male) |
| 10:36 | Build | Market |
| 10:41 | Build | Blacksmith |
| 12:27 | Research | Castle Age |
| 12:51 | Build | House |
| 12:53 | Build | House |
| 13:12 | Research | Horse Collar |
| 13:24 | Research | Double-Bit Axe |
| 13:39 | Research | Horse Collar |
| 14:01 | Research | Double-Bit Axe |
| 14:04 | Build | Farm |
| 14:06 | Build | Farm |
| 14:07 | Build | Farm |
| 14:12 | Build | Farm |
| 14:14 | Build | Farm |
| 14:22 | Build | Farm |
| 14:23 | Build | Farm |
| 14:31 | Build | Farm |
| 14:44 | Create | Villager (Male) |
| 14:52 | Age | Castle Age |
| 14:58 | Create | Villager (Male) |
| 15:08 | Build | Town Center |
| 15:21 | Create | Villager (Male) |
| 15:52 | Build | Farm |
| 15:55 | Build | Farm |
| 15:56 | Build | Farm |
| 15:58 | Create | Villager (Male) |
| 16:02 | Build | Farm |
| 16:05 | Build | Farm |
| 16:08 | Build | Farm |
| 16:10 | Create | Villager (Male) |
| 16:19 | Create | Villager (Male) |
| 16:35 | Create | Villager (Male) |
| 16:36 | Create | Villager (Male) |
| 16:37 | Create | Villager (Male) |
| 16:37 | Create | Villager (Male) |
| 16:52 | Create | Villager (Male) |
| 16:59 | Build | Farm |
| 17:00 | Build | Farm |
| 17:03 | Create | Villager (Male) |
| 17:03 | Create | Villager (Male) |
| 17:10 | Create | Villager (Male) |
| 17:34 | Create | Villager (Male) |
| 17:36 | Create | Villager (Male) |
| 17:43 | Create | Villager (Male) |
| 17:56 | Build | House |
| 17:57 | Build | House |
| 17:58 | Build | House |
| 17:59 | Build | House |
| 18:12 | Create | Villager (Male) |
| 18:30 | Create | Villager (Male) |
Match timeline
| 4:15 | Deimos · wall_segment Palisade Wall x1 |
| 4:24 | Deimos · wall_segment Palisade Wall x1 |
| 4:25 | Eagles_SlGiap · wall_segment Palisade Wall x13 |
| 4:26 | Deimos · wall_segment Palisade Wall x1 |
| 4:28 | Eagles_SlGiap · wall_segment Palisade Wall x2 |
| 4:28 | Deimos · wall_segment Palisade Wall x1 |
| 4:30 | Deimos · wall_segment Palisade Wall x1 |
| 4:31 | Deimos · wall_segment Palisade Wall x1 |
| 4:33 | Deimos · wall_segment Palisade Wall x1 |
| 8:54 | Jail-Undercover · wall_segment Palisade Wall x1 |
| 10:01 | 放羊老汉 · age_up feudal |
| 10:07 | Deimos · age_up feudal |
| 10:32 | Fanume · age_up feudal |
| 10:35 | Крапка-У · age_up feudal |
| 10:45 | Eagles_SlGiap · age_up feudal |
| 10:56 | Jail-Undercover · age_up feudal |
| 10:58 | Jail-帝国老屁股 · age_up feudal |
| 11:00 | Theresallwaysahole · age_up feudal |
| 13:39 | Jail-帝国老屁股 · age_up castle |
| 13:45 | Deimos · age_up castle |
| 14:05 | Fanume · first_building Barracks |
| 14:09 | Fanume · age_up castle |
| 14:11 | Крапка-У · first_market_buy 100 stone |
| 14:22 | Deimos · first_market_buy 100 food |
| 14:29 | Jail-Undercover · age_up castle |
| 14:30 | Крапка-У · age_up castle |
| 14:30 | Theresallwaysahole · age_up castle |
| 14:33 | Eagles_SlGiap · age_up castle |
| 14:35 | Крапка-У · first_building Castle |
| 14:36 | Jail-Undercover · first_building Castle |
| 14:52 | 放羊老汉 · age_up castle |
| 14:54 | Jail-Undercover · wall_segment Palisade Wall x1 |
| 14:56 | Jail-Undercover · wall_segment Palisade Wall x1 |
| 15:20 | Fanume · first_building Stable |
| 15:27 | Крапка-У · first_market_sell 100 wood |
| 15:32 | Theresallwaysahole · first_market_buy 100 wood |
| 16:25 | Jail-Undercover · wall_segment Palisade Wall x1 |
| 16:29 | Theresallwaysahole · wall_segment Palisade Wall x1 |
| 16:47 | Eagles_SlGiap · first_building Siege Workshop |
| 17:07 | Eagles_SlGiap · first_building Monastery |
| 17:19 | Крапка-У · resign |
| 17:32 | Fanume · first_building Siege Workshop |
[ AI ANALYSIS · 1 CREDIT ]
What really happened in this match?
Wolo.gg analyzes every decision: build order, eco, micro, common mistakes by bracket. Personalized analysis on WhatsApp or Discord in 30 seconds.
Civ guide
Poles
Map guide
Arena
Perfil
Jugador #3199708